Cogmind - Beta 13 @@@ ROGUE MODE // 2024.05.04 @ 11:40:22 Player: Silfurdreki Result: Destroyed by H-66 Slayer via exploding Neutrino Reactor Performance ------------- Evolutions (4) 2000 Regions Visited (8) 1600 Robots Destroyed (49) 245 Value Destroyed (1435) 1435 Prototype IDs (5) 100 Alien Tech Used (0) 0 Bonus (610) 610 TOTAL SCORE: 5990 Bonus ------- Follower Combat Kills 110 Entered DSFs 500 Cogmind --------- Core Integrity 0/850 Matter 295/300 Energy 100/100 System Corruption 5% Temperature Cool (0) Movement Core (50) Location -6/Factory Parts ------- > --- POWER (1) -------- (None) > --- PROPULSION (4) --- (None) > --- UTILITY (8) ------ Advanced Melee Analysis Suite Improved Armor Integrity Analyzer Hacking Suite > --- WEAPON (2) ------- (None) > --- INVENTORY (5) ---- Fission Core Advanced ECM Suite Peak State ------------ > --- POWER ------------ Fission Core > --- PROPULSION ------- VTOL Module Cesium-ion Thruster Cesium-ion Thruster Improved Diametric Drive > --- UTILITY ---------- Advanced Melee Analysis Suite Improved Armor Integrity Analyzer Advanced ECM Suite Improved Reaction Control System Cloaking Device Improved Light Armor Plating Hacking Suite System Guard > --- WEAPON ----------- Scythe > --- INVENTORY -------- Light Nuclear Core Micro Nuclear Core VTOL Module Cesium-ion Thruster Concussive RPG [Rating: 63] Favorites ----------- Power Light Nuclear Core Engine Ion Engine Power Core Light Nuclear Core Propulsion Aluminum Leg Leg Aluminum Leg Wheel Compact Wheel Flight Unit Cesium-ion Thruster Utility Hacking Suite Device Seismic Detector Storage Medium Storage Unit Processor Advanced Melee Analysis Suite Hackware Hacking Suite Protection Medium Armor Plating Weapon Enhanced Autogun Energy Gun Particle Gun Ballistic Gun Enhanced Autogun Ballistic Cannon Flak Cannon Launcher Concussive RPG Impact Weapon Flail Slashing Weapon Scythe Build | -11 -10 -9 -8 -7 -7 -6 -6 -6 ------- Run | Yrd Mat Mat Mat Fac DSF Fac Was Fac Slots Evolved 8 | . . 2 2 2 . 2 . . Power . | . . . . . . . . . Propulsion 2 | . . 1 1 . . . . . Utility 6 | . . 1 1 2 . 2 . . Weapon . | . . . . . . . . . Parts Attached 103 | 9 3 14 25 5 13 14 1 19 Power 13 | 2 . 2 1 . . 2 . 6 Engine 5 | 2 . 1 1 . . . . 1 Core 8 | . . 1 . . . 2 . 5 Reactor . | . . . . . . . . . Propulsion 36 | 2 . 5 7 . 12 5 . 5 Treads . | . . . . . . . . . Leg 22 | 2 . 2 6 . 12 . . . Wheel 4 | . . 3 1 . . . . . Hover . | . . . . . . . . . Flight 10 | . . . . . . 5 . 5 Utility 25 | 2 1 3 5 2 . 4 1 7 Device 12 | 1 1 . 3 2 . 1 . 4 Storage 4 | 1 . . 1 . . 1 . 1 Processor 3 | . . . . . . 1 1 1 Hackware 2 | . . 1 . . . 1 . . Protection 4 | . . 2 1 . . . . 1 Artifact . | . . . . . . . . . Weapon 29 | 3 2 4 12 3 1 3 . 1 Energy Gun 13 | 1 2 3 5 . . 2 . . Energy Cannon . | . . . . . . . . . Ballistic Gun 10 | 2 . . 4 3 1 . . . Ballistic Cannon 1 | . . . 1 . . . . . Launcher 1 | . . . . . . . . 1 Special Weapon . | . . . . . . . . . Impact Weapon 3 | . . 1 2 . . . . . Slashing Weapon 1 | . . . . . . 1 . . Piercing Weapon . | . . . . . . . . . Special Melee Weapon . | . . . . . . . . . Unidentified Prototypes 5 | . . 1 2 1 . . . 1 Corrupted Parts 1 | . . . 1 . . . . . System Corruption 2 | . . . 2 . . . . . Parts Lost 38 | . 1 . 8 . 3 9 . 17 Power 4 | . . . . . . 2 . 2 Propulsion 17 | . . . 7 . . 2 . 8 Utility 13 | . 1 . 1 . 2 3 . 6 Weapon 4 | . . . . . 1 2 . 1 Highest Loss Streak 13 | . 1 . 2 . 1 6 . 13 To Critical Strikes . | . . . . . . . . . Average Slot Usage (%) 86 | . 99 99 90 91 88 65 73 71 Engine 5 | . 14 8 3 7 7 2 . . Core 3 | . . 2 5 . . 3 6 4 Leg 19 | . 28 17 25 23 27 13 . . Wheel 3 | . . 14 4 . . . . . Flight 5 | . . . . . . 12 26 22 Device 10 | . 13 . 11 22 23 9 6 9 Storage 8 | . 14 11 9 7 7 5 6 3 Processor 2 | . . . . . . 2 13 14 Hackware 6 | . . 11 9 7 1 4 6 6 Protection 3 | . . 11 4 7 4 . . 2 Energy Gun 8 | . 20 20 7 8 . 2 . . Ballistic Gun 5 | . 7 . 8 6 15 3 . . Slashing Weapon 1 | . . . . . . 3 6 5 Naked Turns . | . . . . . . . . . Heaviest Build 32 | 13 16 23 32 32 32 29 19 21 Greatest Support 71 | 20 20 32 40 30 71 71 19 22 Greatest Overweight (x) 2 | 2 . . 2 1 1 1 . 1 Average Overweight (x) . | . . . . . . . . . Largest Inventory Capacity 10 | 8 8 8 10 10 10 10 10 10 Average Capacity 8 | 7 8 8 9 10 10 9 10 6 Most Carried 10 | 4 8 8 10 9 10 10 8 8 Average Carried 7 | 1 6 7 9 8 8 8 7 6 Final Capacity 10 | 8 8 8 10 10 10 10 10 5 Final Carried 10 | 4 8 8 10 8 9 7 8 2 Class Distribution -------------------- 47% | Mutant 31% | Scavenger-Mutant 17% | Sprinter 3% | Scavenger-Sprinter Dominant Class ---------------- Mutant | -10/Materials Mutant | -9/Materials Scavenger-Mutant | -8/Materials Scavenger-Mutant | -7/Factory Mutant | -7/DSF Sprinter | -6/Factory Sprinter | -6/Waste Sprinter | -6/Factory Resources | -11 -10 -9 -8 -7 -7 -6 -6 -6 ----------- Run | Yrd Mat Mat Mat Fac DSF Fac Was Fac Matter Collected 1543 | 318 63 136 599 . 7 279 . 141 Remotely 315 | . . . 315 . . . . . Salvage Created 1933 | 132 239 178 855 . . 219 . 310 Parts 121 | 8 22 13 50 . . 12 . 16 Haulers Intercepted 3 | . . . 2 . . . . 1 Recyclers Shooed 1 | . . . 1 . . . . . Parts Field Recycled . | . . . . . . . . . Retrieved Matter . | . . . . . . . . . Parts Self-Destructed . | . . . . . . . . . Prevented . | . . . . . . . . . Kills | -11 -10 -9 -8 -7 -7 -6 -6 -6 ------- Run | Yrd Mat Mat Mat Fac DSF Fac Was Fac Combat Hostiles Destroyed 36 | . 7 4 16 . . 6 . 3 Melee 4 | . . . . . . 1 . 3 Guns 30 | . 7 4 15 . . 4 . . Cannons 1 | . . . 1 . . . . . Classes Destroyed 15 | 3 4 1 4 . . 1 . 2 Worker 2 | 1 . . 1 . . . . . Builder 1 | . . . 1 . . . . . Tunneler 1 | 1 . . . . . . . . Hauler 3 | . . . 2 . . . . 1 Recycler 2 | 1 . . . . . . . 1 Operator 1 | . 1 . . . . . . . Watcher 3 | . 1 1 1 . . . . . Swarmer 10 | . 3 . 3 . . 4 . . Cutter 2 | . . . . . . . . 2 Grunt 13 | . 4 3 6 . . . . . Brawler 1 | . . . 1 . . . . . Sentry 6 | . . 1 5 . . . . . Specialist 2 | . . . . . . 2 . . Hunter 1 | . . . 1 . . . . . Programmer 1 | . . . . . . . . 1 Best Kill Streak 5 | 3 3 3 5 . . 5 . 2 Combat Bots Only 5 | . 3 3 3 . . 5 . 2 Max Kills in Single Turn 1 | 1 1 1 1 . . 1 . 1 Gunslinging . | . . . . . . . . . Exploded . | . . . . . . . . . Melee 1 | . . . . . . 1 . 1 Uniques/NPCs Destroyed . | . . . . . . . . . Combat | -11 -10 -9 -8 -7 -7 -6 -6 -6 -------- Run | Yrd Mat Mat Mat Fac DSF Fac Was Fac Hostile Shots Fired 676 | . 35 12 143 . 106 86 . 294 Missed 296 | . 10 4 37 . 52 28 . 165 Damage Taken 5099 | . 293 93 1366 . 859 1035 . 1453 Core 1306 | . 57 26 185 . 187 159 . 692 Absorbed by Shields . | . . . . . . . . . Regen/Repaired (Parts) 242 | . . . . . . 242 . . Core Remaining (%) 81 | 100 77 93 66 . 73 . . . Volleys Fired 133 | 14 27 13 66 . . 12 . 1 Largest 2 | 2 2 2 2 . . 2 . 1 Hottest 122 | 40 105 121 122 . . 100 . . Shots Fired 265 | 28 54 26 132 . . 24 . 1 Gun 263 | 28 54 26 131 . . 24 . . Cannon 1 | . . . 1 . . . . . Launcher 1 | . . . . . . . . 1 Special . | . . . . . . . . . Kinetic 164 | 28 38 . 86 . . 12 . . Thermal 81 | . 8 22 39 . . 12 . . Explosive 1 | . . . . . . . . 1 Electromagnetic 19 | . 8 4 7 . . . . . Robot Hit Streak 14 | 7 8 7 14 . . 4 . . Robot Miss Streak 4 | 2 2 3 4 . . 2 . 1 Penetration Max 1 | . . . 1 . . . . . Secondary Targets 2 | . . . . . . 2 . . Max Gunslinging Chain 1 | . . . . . . 1 . . Shots Hit Robots 190 | 19 38 17 92 . . 17 . 7 Core Hits 78 | 7 18 8 33 . . 8 . 4 Critical Kills 1 | . . . 1 . . . . . Critical Parts Destroyed 1 | . . . 1 . . . . . Critical Strikes 8 | . 2 . 5 . . 1 . . Burn 6 | . 2 . 3 . . 1 . . Destroy 2 | . . . 2 . . . . . Melee Attacks 37 | . . 4 4 . . 8 . 21 Impact 8 | . . 4 4 . . . . . Slashing 29 | . . . . . . 8 . 21 Piercing . | . . . . . . . . . Sneak Attacks 2 | . . . . . . . . 2 Combat Hostiles . | . . . . . . . . . Follow-up Attacks . | . . . . . . . . . Damage Inflicted 3331 | 151 385 319 1727 . 2 405 . 342 Guns 2804 | 151 380 274 1691 . . 308 . . Cannons 19 | . . . 19 . . . . . Explosions 24 | . . . . . . . . 24 Melee 455 | . . 40 . . . 97 . 318 Ramming 29 | . 5 5 17 . 2 . . . Kinetic 1624 | 151 214 . 1151 . . 108 . . Thermal 1000 | . 93 222 485 . . 200 . . Explosive 24 | . . . . . . . . 24 Electromagnetic 199 | . 73 52 74 . . . . . Impact 40 | . . 40 . . . . . . Slashing 415 | . . . . . . 97 . 318 Piercing . | . . . . . . . . . Highest Corruption 3 | . . . 2 . . . . 3 Average Corruption 2 | . . . 2 . . . . 2 Corruption Purged . | . . . . . . . . . Corruption Blocked . | . . . . . . . . . Effects 8 | . . . 8 . . . . . Message Errors 2 | . . . 2 . . . . . Matter Fused 4 | . . . 4 . . . . . Heat Flow Errors 1 | . . . 1 . . . . . Energy Discharges 1 | . . . 1 . . . . . Overload Shots . | . . . . . . . . . Overflow Damage 106 | . . . . . . . . 106 Projectiles . | . . . . . . . . . Explosions . | . . . . . . . . . Melee 106 | . . . . . . . . 106 Knockbacks 2 | . . 1 . . 1 . . . Impact 2 | . . 1 . . 1 . . . Kinetic . | . . . . . . . . . Secondary . | . . . . . . . . . Self-Inflicted Damage . | . . . . . . . . . Shots . | . . . . . . . . . Rammed . | . . . . . . . . . Targets Rammed 5 | . 2 1 1 . 1 . . . Kicked 5 | . 2 1 1 . 1 . . . Crushed . | . . . . . . . . . Highest Temperature 481 | . 21 481 351 . . 124 . 5 Average Temperature 95 | . 8 200 84 . . 60 . 3 Received Heat Transfer 909 | . 126 72 477 . 18 12 . 204 Effects 4 | . . 1 3 . . . . . Shutdowns 1 | . . 1 . . . . . . Interference 3 | . . . 3 . . . . . Siege Activations . | . . . . . . . . . Robots Corrupted . | . . . . . . . . . Combat Hostiles . | . . . . . . . . . Parts Fried . | . . . . . . . . . Impact Corruptions . | . . . . . . . . . Robots Melted 1 | . . . . . . 1 . . Combat Hostiles 1 | . . . . . . 1 . . Parts Melted 2 | . 1 . . . . 1 . . Heat Transferred 2585 | . 370 481 1184 . . 550 . . Parts Sabotaged . | . . . . . . . . . Parts Stolen . | . . . . . . . . . Parts Stripped . | . . . . . . . . . Power Chain Reactions . | . . . . . . . . . Alert | -11 -10 -9 -8 -7 -7 -6 -6 -6 ------- Run | Yrd Mat Mat Mat Fac DSF Fac Was Fac Peak Influence 336 | 15 266 225 249 112 113 273 45 336 Initial 112 | . 9 32 10 112 78 56 30 31 Average 110 | 3 139 132 78 112 88 142 32 149 Maximum Alert Level 1 | . 1 1 1 . . 1 . 1 Low Security (%) 80 | 100 66 72 93 100 100 63 100 73 Level 1 19 | . 33 27 6 . . 36 . 26 Level 2 . | . . . . . . . . . Level 3 . | . . . . . . . . . Level 4 . | . . . . . . . . . Level 5 . | . . . . . . . . . High Security . | . . . . . . . . . Max Security . | . . . . . . . . . Squads Dispatched 15 | . 3 2 . . 1 5 . 4 Investigation 4 | . 1 1 . . . 1 . 1 Extermination 1 | . . . . . . . . 1 Reinforcement 10 | . 2 1 . . 1 4 . 2 Assault . | . . . . . . . . . Garrison . | . . . . . . . . . Intercept . | . . . . . . . . . Searches Triggered . | . . . . . . . . . Construction Impeded . | . . . . . . . . . Haulers Reinforced . | . . . . . . . . . Active Scanning Responses . | . . . . . . . . . Cargo Convoy Interrupts . | . . . . . . . . . Stealth | -11 -10 -9 -8 -7 -7 -6 -6 -6 --------- Run | Yrd Mat Mat Mat Fac DSF Fac Was Fac Distress Signals 3 | . . 2 . . . . . 1 Communications Jammed . | . . . . . . . . . Distress Signals . | . . . . . . . . . Times Spotted 92 | . 15 11 21 . 5 12 2 26 Peak Tracking Total 11 | . 6 6 4 . 4 5 2 11 Tactical Retreats 14 | . 1 . 1 . 3 4 . 5 Traps | -11 -10 -9 -8 -7 -7 -6 -6 -6 ------- Run | Yrd Mat Mat Mat Fac DSF Fac Was Fac Traps Triggered 5 | . 1 1 . . . 3 . . Indirectly . | . . . . . . . . . Trap Hack Attempts . | . . . . . . . . . Triggered . | . . . . . . . . . Disarmed . | . . . . . . . . . Reprogrammed . | . . . . . . . . . Reused . | . . . . . . . . . Traps Extracted . | . . . . . . . . . Installed . | . . . . . . . . . Triggered . | . . . . . . . . . Machines | -11 -10 -9 -8 -7 -7 -6 -6 -6 ---------- Run | Yrd Mat Mat Mat Fac DSF Fac Was Fac Machines Disabled 1 | . . . 1 . . . . . Max in Single Turn 1 | . . . 1 . . . . . Garrison Access 2 | . . . . 1 . . . 1 Machines Repaired . | . . . . . . . . . Machines Dismantled . | . . . . . . . . . Machines Sabotaged . | . . . . . . . . . Overloaded Fab Kills . | . . . . . . . . . Hacking | -11 -10 -9 -8 -7 -7 -6 -6 -6 --------- Run | Yrd Mat Mat Mat Fac DSF Fac Was Fac Machines Accessed 30 | . 2 5 . 2 . 5 . 16 Terminals 19 | . 2 4 . 1 . 1 . 11 Fabricators 2 | . . . . . . 1 . 1 Repair Stations 1 | . . . . . . 1 . . Recycling Units 3 | . . 1 . . . 1 . 1 Scanalyzers 1 | . . . . . . . . 1 Garrison Access 4 | . . . . 1 . 1 . 2 Total Hacks 71 | . 10 21 . 2 . 11 . 27 Successful 33 | . 5 11 . 2 . 6 . 9 Failed 38 | . 5 10 . . . 5 . 18 Catastrophic 7 | . 1 . . . . 1 . 5 Database Lockouts . | . . . . . . . . . Manual 33 | . 7 9 . . . 2 . 15 Terminals 51 | . 10 20 . 1 . 2 . 18 Fabricators 7 | . . . . . . 4 . 3 Repair Stations 2 | . . . . . . 2 . . Recycling Units 5 | . . 1 . . . 2 . 2 Scanalyzers 2 | . . . . . . . . 2 Garrison Access 4 | . . . . 1 . 1 . 2 Terminal Hacks 16 | . 4 8 . 1 . . . 3 Part Schematic 2 | . 1 . . . . . . 1 Open DSF 1 | . . . . 1 . . . . Emergency Access Points 2 | . 1 1 . . . . . . Terminal Index 3 | . 1 1 . . . . . 1 Alert Level 1 | . . 1 . . . . . . Maintenance Status 1 | . . . . . . . . 1 Investigation Status 1 | . . 1 . . . . . . Recall Investigation 1 | . . 1 . . . . . . Zone Layout 4 | . 1 3 . . . . . . Fabricator Hacks 3 | . . . . . . 2 . 1 Load Schematic 1 | . . . . . . 1 . . Build 2 | . . . . . . 1 . 1 Repair Station Hacks 2 | . . . . . . 2 . . Scan Component 1 | . . . . . . 1 . . Repair 1 | . . . . . . 1 . . Recycling Unit Hacks 3 | . . 1 . . . 2 . . Report Inventory 2 | . . 1 . . . 1 . . Retrieve Components 1 | . . . . . . 1 . . Scanalyzer 2 | . . . . . . . . 2 Insert Component 1 | . . . . . . . . 1 Analyze 1 | . . . . . . . . 1 Garrison Access Hacks 2 | . . . . 1 . . . 1 Seal Access 2 | . . . . 1 . . . 1 Unauthorized Hacks 5 | . 1 2 . . . . . 2 Terminals 5 | . 1 2 . . . . . 2 Botnet 5 | . 1 2 . . . . . 2 Fabricators . | . . . . . . . . . Repair Stations . | . . . . . . . . . Recycling Units . | . . . . . . . . . Scanalyzers . | . . . . . . . . . Garrison Access . | . . . . . . . . . Data Cores Recovered . | . . . . . . . . . Used . | . . . . . . . . . Hacking Detections 25 | . 2 5 . 1 . 4 . 13 Full Trace Events 5 | . . 3 . . . 1 . 1 Feedback Events . | . . . . . . . . . Feedback Blocked . | . . . . . . . . . Robot Schematics Acquired . | . . . . . . . . . Robots Built 2 | . . . . . . . . 2 Authchips . | . . . . . . . . . Time 152 | . . . . . . . . 152 Total Robot Build Rating 10 | . . . . . . . . 10 Part Schematics Acquired 3 | . 1 . . . . . . 2 Parts Built 2 | . . . . . . 2 . . Authchips . | . . . . . . . . . Time 25 | . . . . . . 25 . . Total Part Build Rating 2 | . . . . . . 2 . . Parts Repaired 1 | . . . . . . 1 . . Time 13 | . . . . . . 13 . . Parts Recycled . | . . . . . . . . . Recycled Matter . | . . . . . . . . . Retrieved Matter . | . . . . . . . . . Retrieved Components 2 | . . . . . . 2 . . Parts Scanalyzed 1 | . . . . . . . . 1 Part Schematics Acquired 1 | . . . . . . . . 1 Parts Damaged . | . . . . . . . . . Bothacking | -11 -10 -9 -8 -7 -7 -6 -6 -6 ------------ Run | Yrd Mat Mat Mat Fac DSF Fac Was Fac Used RIF Installer . | . . . . . . . . . Robots Hacked . | . . . . . . . . . Non-combat . | . . . . . . . . . Combat . | . . . . . . . . . Robot Hacks Applied . | . . . . . . . . . Relay Couplers Released . | . . . . . . . . . Fabnet Peak Effective % . | . . . . . . . . . Robots Rewired . | . . . . . . . . . Allies Hacked . | . . . . . . . . . Hacks Repelled . | . . . . . . . . . Allies | -11 -10 -9 -8 -7 -7 -6 -6 -6 -------- Run | Yrd Mat Mat Mat Fac DSF Fac Was Fac Total Allies 5 | . . . . . . . . 5 Largest Group 5 | . . . . . . . . 5 Highest-Rated Group 179 | . . . . . . . . 179 Highest-Rated Ally 43 | . . . . . . . . 43 Total Orders . | . . . . . . . . . Ally Attacks 43 | . . . . . . . . 43 Total Damage 989 | . . . . . . . . 989 Kills 6 | . . . . . . . . 6 Allies Corrupted . | . . . . . . . . . Allies Melted . | . . . . . . . . . Intel | -11 -10 -9 -8 -7 -7 -6 -6 -6 ------- Run | Yrd Mat Mat Mat Fac DSF Fac Was Fac Robot Analysis Total . | . . . . . . . . . Derelict Logs Recovered . | . . . . . . . . . Drone Launches . | . . . . . . . . . Drone Recoveries . | . . . . . . . . . Exploration | -11 -10 -9 -8 -7 -7 -6 -6 -6 ------------- Run | Yrd Mat Mat Mat Fac DSF Fac Was Fac Turns Passed 3514 | 155 558 402 1163 83 153 456 22 522 Spaces Moved 3060 | 87 338 289 615 53 87 602 73 916 Core 16 | 5 . . . . . . . 11 Treads . | . . . . . . . . . Legs 1413 | 82 338 94 613 53 87 146 . . Wheels 197 | . . 195 2 . . . . . Hover . | . . . . . . . . . Flight 1434 | . . . . . . 456 73 905 Fastest Speed 24 | 50 120 100 115 120 120 26 26 24 Average Speed 79 | 117 120 106 139 145 142 49 26 26 Slowest Speed 260 | 150 120 120 260 190 190 122 26 115 Overloaded Moves . | . . . . . . . . . Propulsion Burnouts . | . . . . . . . . . Robots Hopped 10 | . . . . . . . . 10 Cave-ins Triggered . | . . . . . . . . . Exploration Rate (%) 34 | 4 42 32 47 2 70 19 69 25 Regions Visited 8 Branch Regions . Pre-discovered Areas . | . . . . . . . . . Known Exits Taken 1 | . . . . 1 . . . . Unknown Exits Taken 4 | 1 1 1 1 . . . . . Scrap Searched . | . . . . . . . . . Spaces Dug 26 | . . 3 4 . . 5 . 14 Terrain Destroyed 27 | . . 3 4 . . 5 . 15 Melee 26 | . . 3 4 . . 5 . 14 Projectile . | . . . . . . . . . AOE 1 | . . . . . . . . 1 Terrain Rammed . | . . . . . . . . . Walls Destroyed . | . . . . . . . . . Machines Disabled . | . . . . . . . . . Actions | -11 -10 -9 -8 -7 -7 -6 -6 -6 --------- Run | Yrd Mat Mat Mat Fac DSF Fac Was Fac Total 3824 | 112 442 349 797 59 119 725 74 1147 Wait 394 | . 67 16 62 . 2 58 . 189 Move 3034 | 86 337 288 614 52 86 602 72 897 Hop 9 | . . . . . . . . 9 Pick Up 43 | 3 5 7 12 1 4 8 1 2 Fast Attach 36 | 7 1 2 9 . 2 5 1 9 Attach 21 | . . 3 3 2 1 8 . 4 Detach 2 | . . . . . . 1 . 1 Swap 46 | 2 2 9 13 3 10 1 . 6 Drop 46 | . 1 6 13 1 13 4 . 8 Fire 133 | 14 27 13 66 . . 12 . 1 Melee 37 | . . 4 4 . . 8 . 21 Ram . | . . . . . . . . . Kick 5 | . 2 1 1 . 1 . . . Crush . | . . . . . . . . . Escape Stasis 18 | . . . . . . 18 . . Rewire . | . . . . . . . . . Trap . | . . . . . . . . . Miscellaneous . | . . . . . . . . . Route ------- -11/Scrapyard -10/Materials -9/Materials -8/Materials -7/Factory -7/DSF -6/Factory -6/Waste -6/Factory (discovered 1 exit: [*Low]) History --------- Turn | Location | Event 11 | -11/Scrapyard | Discovered new exit (range 16) 156 | -11/Scrapyard | Entered Materials 330 | -10/Materials | Build established: Mutant 640 | -10/Materials | Discovered new exit (range 10) 714 | -10/Materials | Entered another Materials area 714 | -9/Materials | Evolved 2 slots: Propulsion x1, Utility x1 962 | -9/Materials | Discovered new exit (range 4) 1116 | -9/Materials | Entered another Materials area 1116 | -8/Materials | Evolved 2 slots: Propulsion x1, Utility x1 1777 | -8/Materials | Build established: Scavenger-Mutant 2261 | -8/Materials | Discovered new exit (range 16) 2279 | -8/Materials | Entered Factory 2279 | -7/Factory | Evolved 2 slots: Utility x2 2361 | -7/Factory | Identified exit to DSF 2362 | -7/Factory | Entered DSF 2401 | -7/DSF | Additional patrols routed to DSF 2498 | -7/DSF | Discovered new exit (range 14) 2515 | -7/DSF | Entered Factory 2515 | -6/Factory | Evolved 2 slots: Utility x2 2709 | -6/Factory | Build established: Mutant 2763 | -6/Factory | Discovered new exit (range 15) 2772 | -6/Factory | Lost 6 parts (1p1n2u2w) 2779 | -6/Factory | Repaired Med. Storage Unit 2916 | -6/Factory | Fabricated Lgt. Armor Plating (x2) 2971 | -6/Factory | Sucked down chute 2971 | -6/Factory | Entered Waste 2975 | -6/Waste | Spotted C-40 Crusher 2979 | -6/Waste | Spotted C-40 Crusher 2979 | -6/Waste | Spotted C-40 Crusher 2982 | -6/Waste | Spotted C-40 Crusher 2987 | -6/Waste | Spotted C-40 Crusher 2989 | -6/Waste | Discovered new exit (range 11) 2993 | -6/Waste | Entered Factory 3044 | -6/Factory | Build established: Sprinter 3230 | -6/Factory | Fabricated X-67 Chaingunner (x2) 3333 | -6/Factory | Discovered new exit (range 12) 3462 | -6/Factory | Core integrity fell below 50% 3493 | -6/Factory | Core integrity fell below 20% 3515 | -6/Factory | Destroyed by H-66 Slayer via exploding Neutrino Reactor Last Messages --------------- 03469_ U-05 Engineer lays Concrete. 03470_ Acquired Surge Thruster. 03470_ U-05 Engineer lays Concrete. 03471_ U-05 Engineer builds a Wall. 03471_ Acquired 10 matter. 03471_ U-05 Engineer lays Concrete. 03474_ Acquired Surge Thruster. 03474_ U-05 Engineer lays Concrete. 03476_ Surge Thruster destroyed. 03476_ R-10 Processor collects Concussive RPG. 03477_ K-01 Serf cleans the Terminal. 03506_ Adv. Weight Redist. System destroyed. 03509_ Slug penetrates Neutrino Reactor. 03510_ Slug penetrates Wall. 03510_ Mic. Nuclear Core destroyed. 03513_ Slug penetrates Neutrino Reactor. 03515_ Neutrino Reactor explodes. 03515_ Door malfunctions. 03515_ Neutrino Reactor explodes. 03515_ Cesium-ion Thruster destroyed. Map ----- +----------------------------------------------------+ | ?# #?????????????????????# #?# # #"T | | ?# #?????????????????????##############?# # #"" | | ?# #????????????????????????????????????# # #"" | | ?# #????????????????????????????????????# # # | | ?# #????????????????????????????????????# #^+ | | ?# #????????????????????????????????????? # ### | | ?# #????????????????????????????????????? # #?? | | ?# #??????????????##########????????????? # #?? | | ?# #???##?????????#! #??????????????# #?? | | ?# #??? #?????????# ! #????????####??# ### | | ?# #?? #?????????# #???????# ?# | | ?# #?? #?????????# #???????# """ # | | ?# #? #?????????# #???????# ""R" # | | ?# #? #?????????# #???????# "" " + | | ?# # #?????????# #???????# # ### | | ##= "# #?????????? #???????#= ! ?# # | | %%[="%+ #???????????? ?????????######## # | | #####"# #?###+#########+############ # | | ????# ######## # | | ????# # | | ############## # ] | | #?####+#+###################### # | | "" #?# #?????????????????# # | | "" #?# #?????????????????# # | | "T #?# """ """ ################### ### | | "" ! ]#?# """ """ # @ R/ p p | | "" #?# """ """ # h##### ########### | | #?# # #???# #?????????? | | #?# # h #???# #?????????? | | #?# """T""" # #???# #?????????? | | ###+#######"######### #???# #?????????? | | # #???# #?????????? | | # #???# #?????????? | | # #???# #?????????? | | # #???# ??????????? | | # ! #???? ??????????? | | ##+############ # #???? ??????????? | | #?????# ###+##########???? ??????????? | | ! """ #?????# ! ??????????? | | """ #?????# #??? ??????????? | | """ #?????# #???#??????????? | | *** #?????# #??????????????? | | *** """ #?????# #??????????????? | | *** """ #?????#################/###??????????????? | | """ #??????????????????????? ???????????????? | | #???????????????????????? ?????????????? | | #########??????????????????????????"?????????????? | | ?????????????????????????????????????????????????? | | ?????????????????????????????????????????????????? | | ?????????????????????????????????????????????????? | +----------------------------------------------------+ Best States ------------- Heat Dissipation 39 Energy Generation 18 Energy Capacity 310 Matter Stores 300 Matter Capacity 300 Sight Range 16 Robot Scan Range 16 Terrain Scan Density 10 ECM Strength 2 Cloak Strength 2 Additional Mass Support 9 Corruption Containment 8 Armor Coverage 225 Evasion (%) 75 Melee Accuracy 8 Armor Integrity Analysis 40 Offensive Hacking 10 Item Schematics ----------------- Lgt. Armor Plating | -10/Materials | Hacked Hacking Suite | -6/Factory | Hacked Cesium-ion Thruster | -6/Factory | Scanalyzed Robot Schematics ------------------ None Fabricated ------------ Lgt. Armor Plating | x2 | -6/Factory X-67 Chaingunner | x2 | -6/Factory | Preloaded Alien Tech Used ----------------- None Achievements -------------- My Command Is Your Wish Please Form A Line Use The Force Challenges ------------ None Game ------ Seed SeismicReflectiveInitializer Manual? 0 Play Time 00:52:44 Cumulative 18.9 hours Start 2024.05.03 @ 22:31:28 End 2024.05.04 @ 11:40:22 Sessions 3 Manual Loads 0 Difficulty Rogue Special Mode None Game No. 31 Rogue 31 Adventurer 0 Explorer 0 Win Type - Total 0 Types 0/0/0/0/0/0/0/0/0 Lore% 24 Gallery% 27 Achievement% 23 Wizard Run 0 Options --------- Layout 1 ASCII 0 Keyboard 0 Movement Numpad Keybinds 0 Fullscreen 1 Font 24/Smallcaps Map View 50x35 Zoom Use 0% Tactical HUD 1 Map Filters NONE Filters NONE Steam 1 RUN: bddb73d5-ac07-4d9f-a3f9-ffc25ecfaa26